Map: Romanticide LE

Players

MacroMan

  • Race: Protoss Protoss
  • League: Master
  • Spawn Location: 5:00

PenSC - Winner!

  • Race: Terran Terran
  • League: Master
  • Spawn Location: 11:00

VOD

Have the link to the VOD?

Description

Time

  • Played on: Dec. 30, 2020, 12:05 p.m.
  • Length: 21:29
Show
View Real Time Build Order
Export as new Build Order

MacroMan Protoss 

Build Orders: 1 Gate Expand, Blink Stalkers 

Get SALT Encoding   

  12  0:00  Probe  
  13  0:12  Probe  
  14  0:17  Pylon  
  14  0:24  Probe (Chrono Boost)  
  16  0:37  Probe (Chrono Boost), Gateway  
  16  0:43  Probe (Chrono Boost)  
  16  0:47  Assimilator  
  17  0:51  Probe  
  18  1:03  Probe  
  19  1:15  Probe  
  20  1:26  Cybernetics Core  
  20  1:36  Probe, Nexus  
  21  1:43  Pylon  
  21  1:49  Probe  
  21  1:52  Assimilator  
  22  2:00  Adept (Chrono Boost)  
  22  2:04  Warp Gate  
  22  2:06  Probe  
  25  2:18  Probe  
  25  2:20  Stalker (Chrono Boost)  
  28  2:30  Probe  
  29  2:41  Twilight Council  
  29  2:42  Probe  
  30  2:48  Probe  
  31  2:54  Probe  
  32  3:00  Probe  
  32  3:03  Gateway  
  32  3:04  Gateway  
  33  3:06  Probe  
  33  3:07  Sentry  
  36  3:12  Probe  
  37  3:22  Probe, Blink (Chrono Boost)  
  37  3:25  Probe  
  39  3:34  Probe  
  39  3:37  Probe  
  39  3:38  Pylon  
  41  3:46  Probe  
  42  3:49  Probe  
  42  3:53  Stalker  
  45  3:58  Probe  
  45  4:00  Stalker x2  
  45  4:01  Probe  
  51  4:06  Pylon  
  51  4:10  Probe  
  51  4:13  Probe  
  51  4:16  Robotics Facility  
  53  4:22  Assimilator  
  53  4:24  Assimilator  
  53  4:28  Stalker x2  
  57  4:33  Probe  
  57  4:37  Pylon  
  58  4:48  Nexus  
  58  4:55  Pylon  
  58  5:02  Probe, Pylon  
  58  5:03  Probe  
  58  5:05  Observer  
  61  5:07  Stalker  
  61  5:11  Forge  
  63  5:14  Probe  
  63  5:15  Probe  
  63  5:18  Gateway  
  65  5:27  Probe x2, Observer  
  68  5:30  Charge  
  68  5:36  Gateway  
  68  5:39  Probe x2, Gateway  
  70  5:45  Robotics Bay  
  70  5:48  Observer  
  71  5:51  Probe  
  71  5:54  Photon Cannon  
  72  5:58  Photon Cannon  
  72  6:05  Protoss Ground Armor Level 1  
  72  6:09  Forge  
  72  6:10  Probe x3  
  75  6:18  Photon Cannon  
  75  6:22  Probe x2 (Chrono Boost)  
  75  6:23  Probe (Chrono Boost)  
  81  6:33  Probe x3 (Chrono Boost), Stalker x2  
  81  6:34  Stalker x2  
  81  6:37  Probe (Chrono Boost)  
  81  6:38  Probe (Chrono Boost)  
  81  6:39  Pylon  
  86  6:41  Probe  
  87  6:48  Probe  
  87  6:49  Pylon  
  87  6:51  Photon Cannon  
  87  6:52  Colossus (Chrono Boost)  
  94  7:06  Protoss Ground Weapons Level 1 (Chrono Boost)  
  94  7:08  Templar Archives  
  94  7:11  Gateway  
  94  7:19  Probe x2  
  94  7:20  Probe  
  97  7:23  Assimilator  
  97  7:26  Assimilator  
  97  7:28  Zealot x5  
  107  7:31  Probe  
  107  7:34  Pylon  
  108  7:45  Zealot  
  108  7:49  Zealot x3  
  92  8:12  Probe x3  
  93  8:13  Zealot x2  
  93  8:14  Zealot x3  
  93  8:16  Psionic Storm  
  101  8:22  Warp Prism  
  101  8:24  Probe x3, Nexus  
  101  8:26  Pylon  
  106  8:28  Zealot x2, Pylon  
  110  8:36  Probe  
  110  8:39  Probe  
  112  8:47  Protoss Ground Armor Level 2 (Chrono Boost)  
  112  8:49  Photon Cannon  
  112  8:51  Photon Cannon  
  112  8:56  High Templar x3  
  112  8:57  High Templar x4  
  112  9:00  Archon x2  
  112  9:01  Archon  
  126  9:09  Probe x2  
  129  9:10  Probe  
  129  9:13  Assimilator  
  129  9:16  Assimilator  
  129  9:19  Protoss Ground Weapons Level 2 (Chrono Boost)  
  129  9:33  Zealot x4  
  129  9:34  Zealot x2  
  141  9:42  Nexus  
  141  9:45  Pylon  
  129  10:05  Gateway x2, Dark Shrine  
  129  10:08  Gateway  
  129  10:09  Gateway  
  129  10:12  Stargate  
  129  10:16  Stargate  
  129  10:19  Pylon  
  129  10:20  Assimilator  
  129  10:21  Pylon  
  129  10:24  High Templar  
  129  10:25  High Templar x2  
  129  10:26  Assimilator, Colossus (Chrono Boost)  
  135  10:29  Pylon  
  135  10:32  Pylon  
  135  10:34  Pylon  
  141  10:38  Gateway  
  141  10:40  Photon Cannon  
  141  10:43  Photon Cannon  
  141  10:46  Photon Cannon  
  141  11:04  Colossus (Chrono Boost)  
  147  11:25  Photon Cannon  
  147  11:28  Photon Cannon  
  147  11:29  Dark Templar x3  
  147  11:30  Photon Cannon  
  153  11:39  Zealot x4  
  161  11:40  Zealot x5  
  171  11:49  Robotics Facility  
  171  11:52  Colossus (Chrono Boost)  
  177  12:04  Protoss Ground Weapons Level 3 (Chrono Boost)  
  177  12:13  Fleet Beacon  
  175  12:16  Protoss Ground Armor Level 3 (Chrono Boost)  
  175  12:33  Dark Templar x3  
  175  12:34  Dark Templar  
  183  12:37  Dark Templar x2  
  183  12:38  Dark Templar  
  183  12:43  Shadow Stride  
  187  12:47  Stargate  
  187  12:50  Pylon  
  185  13:06  Tempest (Chrono Boost)  
  185  13:07  Tempest (Chrono Boost)  
  195  13:21  Photon Cannon, Shield Battery  
  195  13:23  Photon Cannon  
  195  13:24  Shield Battery  
  195  13:26  Shield Battery  
  195  13:30  Nexus  
  195  13:41  Nexus  
  198  13:42  Pylon  
  198  13:43  Tempest (Chrono Boost)  
  198  13:45  Pylon  
  198  13:53  Pylon  
  198  13:56  Pylon  
  198  14:12  Photon Cannon  
  198  14:13  Pylon  
  196  14:29  Pylon  
  196  14:31  Pylon  
  196  14:55  Tempest  
  183  15:21  Tempest x2 (Chrono Boost)  
  191  15:36  Carrier (Chrono Boost)  
  197  15:43  Photon Cannon  
  197  15:46  Photon Cannon  
  197  15:48  Photon Cannon  
  197  15:49  Photon Cannon  
  193  16:00  Photon Cannon  
  193  16:01  Photon Cannon  
  193  16:04  Photon Cannon  
  193  16:05  Photon Cannon, Shield Battery  
  193  16:10  Nexus, Shield Battery  
  189  16:13  Pylon  
  189  16:15  Pylon  
  185  16:19  Assimilator  
  185  16:22  Assimilator  
  185  16:23  Photon Cannon x2  
  185  16:24  Pylon  
  185  16:26  Shield Battery  
  179  16:49  Zealot x6  
  179  16:50  Zealot x4  
  123  17:33  Stalker x4  
  123  17:34  Stalker x5  
  123  17:35  Stalker x2  
  139  17:51  Zealot  
  139  17:57  Zealot  
  139  17:58  Zealot x5  
  147  17:59  Zealot x3  
  148  18:14  Tempest x2 (Chrono Boost)  
  148  18:15  Tempest (Chrono Boost)  
  148  18:17  Zealot  
  148  18:18  Zealot x3  
  171  18:23  Zealot x2  
  175  18:27  Nexus  
  175  18:29  Pylon  
  175  18:31  Pylon  
  173  18:48  Tempest (Chrono Boost)  
  171  19:12  Dark Templar  
  148  20:26  Stalker x6  
  148  20:27  Stalker x2  
  148  20:28  Stalker x3  
  166  20:40  Pylon  
  166  20:41  Dark Templar  
  166  20:42  Pylon  
  168  20:44  Pylon  
  168  20:46  Pylon  
  141  21:19  Archon  
  141  21:20  Archon  
Show
View Real Time Build Order
Export as new Build Order

PenSC Terran - Winner!

Build Orders:  

Get SALT Encoding   

  12  0:00  SCV  
  13  0:12  SCV  
  14  0:17  Supply Depot  
  14  0:24  SCV  
  14  0:27  Refinery  
  15  0:38  SCV  
  16  0:44  Barracks  
  16  0:50  SCV  
  17  1:02  SCV  
  18  1:16  SCV  
  19  1:32  Reaper, Orbital Command  
  20  1:46  Command Center  
  20  1:57  SCV  
  21  2:02  Factory  
  21  2:10  SCV  
  21  2:12  Supply Depot  
  22  2:16  Barracks Reactor  
  22  2:23  SCV  
  22  2:27  Bunker  
  23  2:35  SCV  
  24  2:47  SCV  
  24  2:48  Hellion  
  24  2:49  Starport  
  27  2:52  Marine x2  
  29  2:59  SCV, Orbital Command  
  29  3:05  Refinery  
  30  3:10  Marine x2  
  32  3:16  Hellion  
  34  3:22  SCV  
  35  3:28  Medivac  
  35  3:31  SCV  
  38  3:34  SCV  
  38  3:35  Marine x2  
  41  3:41  Hellion  
  41  3:44  SCV  
  41  3:46  SCV  
  41  3:47  Supply Depot  
  46  4:00  Command Center  
  45  4:03  Starport Tech Lab  
  45  4:04  Factory Tech Lab  
  45  4:13  SCV x2  
  45  4:14  Marine x2  
  49  4:19  Supply Depot  
  49  4:30  Barracks  
  49  4:31  Barracks  
  49  4:32  SCV x2  
  51  4:39  Starport Reactor  
  51  4:41  Engineering Bay  
  51  4:44  SCV x2  
  53  4:49  Marine x2  
  55  4:55  Siege Tank  
  55  4:56  SCV  
  55  4:57  SCV  
  60  5:00  Refinery  
  60  5:08  SCV  
  61  5:17  SCV  
  61  5:18  Orbital Command  
  61  5:20  Barracks Tech Lab  
  62  5:23  SCV  
  62  5:26  Stimpack, Barracks x2  
  63  5:28  Marine  
  63  5:29  Marine, SCV  
  63  5:32  Terran Infantry Weapons Level 1  
  66  5:40  SCV, Marauder x2  
  71  5:44  Orbital Command  
  71  5:47  SCV  
  71  5:50  Refinery  
  71  5:52  Combat Shield, Supply Depot  
  71  5:55  SCV  
  71  5:56  Supply Depot  
  72  6:04  SCV  
  73  6:07  SCV  
  73  6:08  Siege Tank  
  77  6:13  Marine  
  77  6:14  SCV, Marauder x2  
  77  6:16  Barracks Tech Lab x2, SCV  
  84  6:18  Supply Depot  
  84  6:20  SCV  
  85  6:26  SCV  
  85  6:28  SCV  
  85  6:30  Supply Depot  
  85  6:31  Supply Depot  
  87  6:33  SCV  
  86  6:43  Siege Tank, Marauder x2  
  86  6:44  Marine, Marauder x2  
  86  6:45  SCV  
  86  6:46  Concussive Shells  
  95  6:48  SCV  
  95  6:49  SCV  
  97  6:57  SCV, Bunker  
  97  7:00  SCV  
  99  7:01  SCV  
  99  7:02  Engineering Bay  
  99  7:05  Armory  
  99  7:07  Supply Depot  
  100  7:09  SCV, Marauder x2  
  100  7:11  Marauder x2  
  100  7:12  Marine  
  110  7:18  Medivac, SCV x2  
  110  7:19  Medivac  
  115  7:28  Marine  
  115  7:29  Marine  
  116  7:30  Marauder  
  116  7:33  Refinery x2  
  116  7:34  Marauder x2  
  116  7:35  Command Center  
  123  7:52  Terran Infantry Armor Level 1, Supply Depot  
  123  7:53  Supply Depot  
  123  7:54  Marine, SCV  
  123  7:55  Marine  
  123  7:56  SCV  
  123  7:57  Marauder  
  125  7:59  Marauder  
  125  8:00  Marauder  
  112  8:09  Marauder  
  112  8:11  SCV x3  
  112  8:12  Marine  
  103  8:13  Marine  
  102  8:23  SCV, Marauder x2  
  102  8:24  Medivac x2, SCV x2  
  102  8:26  Terran Infantry Weapons Level 2  
  113  8:28  Terran Ship Weapons Level 1  
  113  8:35  SCV  
  113  8:36  SCV x2  
  113  8:38  Starport  
  113  8:39  Supply Depot, Marine  
  113  8:40  Marine, Marauder x2  
  122  8:44  Marine  
  122  8:45  Marauder  
  122  8:48  SCV x2  
  127  8:55  Barracks  
  127  8:57  Marine  
  127  8:58  Barracks, SCV  
  127  9:00  Marine  
  127  9:01  Sensor Tower, SCV x2, Marauder x2  
  127  9:02  Marine  
  137  9:08  Sensor Tower  
  137  9:10  Factory Reactor  
  137  9:13  SCV x2  
  139  9:19  Planetary Fortress  
  139  9:22  Medivac  
  139  9:23  Medivac  
  143  9:29  Ghost Academy  
  143  9:33  Missile Turret  
  143  9:34  Missile Turret  
  143  9:37  Missile Turret  
  143  9:49  Marauder  
  143  9:50  Marauder x2  
  147  9:55  Supply Depot  
  147  9:56  Viking x2  
  151  10:01  Terran Infantry Armor Level 2  
  151  10:03  Factory Reactor  
  151  10:04  Barracks Tech Lab  
  151  10:05  Barracks Tech Lab  
  151  10:11  Supply Depot, Viking x2  
  151  10:12  SCV x3  
  151  10:13  Supply Depot  
  158  10:14  Supply Depot  
  158  10:15  SCV  
  159  10:24  SCV  
  159  10:25  Ghost x2  
  159  10:26  Viking, Ghost, Command Center  
  168  10:31  Refinery x2  
  168  10:38  Ghost x2  
  172  10:44  Missile Turret  
  172  10:48  Terran Ship Weapons Level 2  
  172  10:59  Command Center  
  175  11:05  Command Center  
  175  11:10  Terran Infantry Weapons Level 3  
  172  11:11  Enhanced Shockwaves  
  172  11:26  Liberator x2  
  178  11:36  Liberator x2  
  184  11:57  Command Center  
  179  12:09  Missile Turret  
  179  12:10  Command Center  
  179  12:11  Missile Turret x2, Command Center  
  179  12:13  Missile Turret  
  175  12:17  Liberator x2  
  175  12:19  Liberator  
  175  12:20  Orbital Command  
  175  12:22  Fusion Core  
  180  12:40  Orbital Command x2  
  177  12:53  Liberator  
  177  12:57  Missile Turret  
  180  12:59  Missile Turret, Liberator x2  
  180  13:02  Liberator  
  189  13:09  Advanced Ballistics  
  189  13:10  Terran Ship Weapons Level 3  
  189  13:11  Terran Infantry Armor Level 3  
  189  13:18  Ghost Academy  
  189  13:19  Sensor Tower  
  189  13:39  Liberator  
  184  13:42  Widow Mine x2  
  184  13:43  Planetary Fortress  
  184  13:44  Orbital Command  
  184  13:46  Unknown  
  188  13:54  Command Center  
  187  14:10  Viking x3  
  193  14:22  Viking  
  195  14:40  Viking x2  
  183  15:08  Marine x2, Marauder x2  
  183  15:10  Marine x3, Marauder  
  183  15:11  Orbital Command  
  175  15:26  Marine x2  
  175  15:28  Marine, Marauder x2  
  181  15:29  Marine x2  
  181  15:32  Marauder  
  170  15:45  Marine x2  
  170  15:46  Marauder  
  170  15:48  Marauder x2  
  173  15:50  Marauder  
  168  15:57  Viking x4  
  174  16:08  Terran Vehicle And Ship Armor Level 1  
  174  16:13  SCV x5  
  179  16:22  Command Center  
  179  16:25  SCV x2  
  181  16:27  Viking x4  
  189  16:38  Marine  
  189  16:39  Ghost x3  
  188  16:57  Viking x4  
  164  17:27  Viking x4  
  162  17:33  Marine x3, Marauder x4  
  162  17:34  Marauder  
  169  17:55  SCV x4  
  169  17:57  Viking x3  
  171  18:12  Ghost x5  
  173  18:15  Orbital Command  
  173  18:17  Viking  
  183  18:22  Orbital Command  
  176  18:30  Ghost  
  176  18:32  Viking  
  176  18:34  SCV x2  
  176  18:40  Ghost  
  180  18:46  Ghost  
  180  18:47  Ghost  
  182  19:03  Liberator x3  
  182  19:04  Viking  
  183  19:34  Viking  
  183  19:37  SCV x3  
  183  19:38  SCV x4  
  192  19:40  Planetary Fortress  
  192  19:43  Refinery  
  192  19:44  Refinery  
  191  19:46  Viking  
  191  19:48  Marine, Marauder x2  
  191  19:49  SCV  
  184  20:29  Ghost x4  
  184  20:30  Viking x3  
  198  20:41  SCV  
  198  20:42  SCV  
  200  20:48  Refinery  
Tags
 
Add a new tag
Caveats
  • Supply blocks, unpowered buildings, or Contaminate may cause inaccurate times.
  • Supply counts are checked every 10 seconds.